 Dungeon Crawl Stone Soup version 0.31-a0-1074-g0b22e4e0f1 (webtiles) character file.

Game seed: 7470143470483487509

2 drugrobin the Sneak (level 1, -5/18 HPs)
             Began as a Demigod Delver on Dec 8, 2023.
             Slain by a kobold brigand
             ... wielding a +0 short sword
              (8 damage)
             ... on level 5 of the Dungeon.
             The game lasted 00:00:55 (181 turns).

drugrobin the Sneak (Demigod Delver)                 Turns: 181, Time: 00:00:56

Health: -5/18      AC:  3    Str: 13    XL:     1   Next: 20%
Magic:  3/3        EV: 11    Int: 12    God:
Gold:   19         SH:  0    Dex: 15    Spells: 0/0 levels left

rFire   . . .        a - +0 mace
rCold   . . .        (no shield)
rNeg    . . .        b - +0 leather armour
rPois   .            (no helmet)
rElec   .            (no cloak)
rCorr   .            (no gloves)
SInv    .            (no boots)
Will    .....        (no amulet)
Stlth   +++          (no ring)
HPRegen 0.23/turn    (no ring)
MPRegen 0.08/turn

%: no passive effects
@: hasted, very quick
A: high MP 1, forlorn, divine attributes
a: no special abilities


You were on level 5 of the Dungeon.
You visited 1 branch of the dungeon, and saw 1 of its levels.

You collected 19 gold pieces.

Inventory:

Hand Weapons
 a - a +0 mace (weapon)
Armour
 b - a +0 leather armour (worn)
Wands
 g - a wand of digging (3)
Scrolls
 c - a scroll of fog
 d - a scroll of revelation
 e - a scroll of fear


   Skills:
 - Level 2.6 Fighting
 + Level 2.0 Maces & Flails
 - Level 1.7 Dodging
 - Level 4.5 Stealth


You couldn't memorise any spells.
You didn't know any spells.
Your spell library was empty.

Dungeon Overview and Level Annotations

Branches:
Dungeon (5/15)
 Temple: D:4-7

Annotations:
D:5 exclusion: jelly


Innate Abilities, Weirdness & Mutations

You have an increased reservoir of magic. (+10% MP)
You shall have no god before yourself.
Your divine heritage dramatically boosts your attributes as you level up.


Message History

Unknown command.
Unknown command.
Unknown command.
The kobold shouts! x2; You hear a shout!
A kobold brigand comes into view.
It is wielding a +0 short sword and quivering poisoned darts.
Unknown command.
You barely miss the kobold.
The kobold hits you with a +0 short sword.
You closely miss the kobold.
Okay, then.
Okay, then.
You hit the kobold brigand but do no damage.
You feel yourself speed up.
The kobold brigand hits you with a +0 short sword.
Unknown command.
Your actions are hasted.
Your movement speed is very quick.
Your attack delay is about 0.7.
Your damage rating with your +0 mace is about 9 (Base 8 x 107% (Str) x 108% (Skill)).
Unknown command.
You miss the kobold brigand. The kobold brigand misses you.
You hit the kobold brigand but do no damage.
The kobold brigand hits you with a +0 short sword.
You closely miss the kobold brigand. The kobold brigand closely misses you.
You hit the kobold brigand.
The kobold brigand is lightly wounded.
The kobold brigand completely misses you.
You miss the kobold brigand.
The kobold brigand is lightly wounded.
The kobold brigand hits you with a +0 short sword.
* * * LOW HITPOINT WARNING * * *
You hit the kobold brigand.
The kobold brigand is moderately wounded.
The kobold brigand hits you with a +0 short sword.
* * * LOW HITPOINT WARNING * * *
You hit the kobold brigand.
The kobold brigand is moderately wounded.
You hit the kobold brigand.
The kobold brigand is heavily wounded.
The kobold brigand hits you with a +0 short sword!
You die...

#
#####K#####
.....KK@.>#
########.##
#.# ##)#
###..###
#......#
#..###.#
....# #.#
..... #.#


You could see a kobold brigand and 2 kobolds.

Vanquished Creatures
  An orc (D:5)
1 creature vanquished.

Notes
Turn   | Place    | Note
-------+----------+-------------------------------------------
     0 | D:5      | drugrobin the Demigod Delver began the quest for the Orb.
     0 | D:5      | Reached XP level 1. HP: 18/18 MP: 3/3
    16 | D:5      | Noticed an orc wizard
    16 | D:5      | Noticed a centaur
    77 | D:5      | Noticed a jelly
   170 | D:5      | Noticed a kobold brigand
   181 | D:5      | Slain by a kobold brigand

Illustrated notes

Levels and vault maps discovered:
D:5:      layout_basic, okawaru_trees_1, abandoned_shop, nicolae_custom_books

Skill      XL: |  1 |
---------------+----+-----
Maces & Flails | 2 |  2.0
Fighting       | |  2.6
Dodging        | |  1.7
Stealth        | |  4.5

Action                     || total
---------------------------++-------
  Melee: Mace              ||    14
    Use: Potion            ||     1
 Armour: Leather armour    ||     7
  Dodge: Dodged            ||     5

Table legend: (Time is in decaauts)
 A = Elapsed time spent in this place.
 B = Non-inter-level travel time spent in this place.
 C = Inter-level travel time spent in this place.
 D = Time resting spent in this place.
 E = Time spent auto-exploring this place.
 F = Levels seen in this place.
 G = Mean time per level.
                   A        B        C        D        E       F      G
               +--------+--------+--------+--------+--------+-----+--------+
         Total |    181 |    181 |      0 |      6 |     42 |   1 |  181.0 |
       Dungeon |    181 |    181 |      0 |      6 |     42 |   1 |  181.0 |
               +--------+--------+--------+--------+--------+-----+--------+

Top non-repeatable levels by time:
     D:5: 181 daAuts
